 Dungeon Crawl Stone Soup version 0.28-a0-1524-ge72afd5fc6 (webtiles) character file.

Game seed: 9857704166377273123

4089 HallandMoats the Fighter (level 10, -5/91 HPs)
             Began as a Ghoul Fighter on Jan 18, 2022.
             Was an Initiate of Yredelemnul.
             Slain by a two-headed ogre (22 damage)
             ... on level 9 of the Dungeon.
             The game lasted 00:18:44 (10299 turns).

HallandMoats the Fighter (Ghoul Fighter)           Turns: 10299, Time: 00:18:46

Health: -5/91      AC: 14    Str: 25    XL:     10   Next: 26%
Magic:  9/9        EV: 12    Int:  5    God:    Yredelemnul [......]
Gold:   369        SH:  5    Dex: 10    Spells: 9/9 levels left

rFire   + . .      SeeInvis .   a - +0 war axe (venom)
rCold   + . .      Faith    .   c - +0 buckler
rNeg    + + +      Spirit   .   d - +0 acid dragon scales
rPois   ∞          Reflect  .   n - +0 helmet
rElec   .          Harm     .   z - +0 cloak
rCorr   +          Rampage  .   E - +2 pair of gloves
Will    .....                   x - +0 pair of boots {Fly}
Stlth   +.........              (no amulet)
HPRegen 0.00/turn               k - ring of Xynkam {rPois rN+ Str+4}
MPRegen 0.11/turn               q - ring of protection from fire

@: flying, inhibited regen, studying Maces & Flails
A: claws 1, cold resistance 1, negative energy resistance 3, inhibited
regeneration, torment resistance 2
a: Renounce Religion, Recall Undead Harvest


You were on level 9 of the Dungeon.
You worshipped Yredelemnul.
Yredelemnul was noncommittal.
You visited 1 branch of the dungeon, and saw 9 of its levels.

You collected 541 gold pieces.
You spent 172 gold pieces at shops.

Inventory:

Hand Weapons
 a - a +0 war axe of venom (weapon)
 C - a +0 broad axe
Missiles
 e - a throwing net (quivered)
Armour
 c - a +0 buckler (worn)
 d - +0 acid dragon scales (worn)
 n - a +0 helmet (worn)
 x - a +0 pair of boots of flying (worn)
 z - a +0 cloak (worn)
 E - a +2 pair of gloves (worn)
Jewellery
 k - the ring of Xynkam (left hand) {rPois rN+ Str+4}
   (You found it on level 2 of the Dungeon)

   [ring of poison resistance]

   Str:       It affects your strength (+4).
   rPois:     It protects you from poison.
   rN:        It protects you from negative energy.
 q - a ring of protection from fire (right hand)
 w - a ring of willpower
Wands
 o - a wand of flame (26)
 p - a wand of paralysis (20)
 D - a wand of iceblast (18)
 F - a wand of acid (3)
Scrolls
 g - a scroll of summoning {unknown}
 j - 2 scrolls of fear {unknown}
 r - 2 scrolls of amnesia {unknown}
 s - 2 scrolls of immolation {unknown}
 t - 2 scrolls of teleportation
 u - a scroll of fog {unknown}
 y - a scroll of vulnerability {unknown}
 A - a scroll of enchant armour {unknown}
 B - 2 scrolls of magic mapping {unknown}
 H - a scroll of brand weapon {unknown}
Potions
 b - 2 potions of cancellation
 h - 2 potions of attraction
 l - a potion of mutation {unknown}
 v - a potion of flight
 I - a potion of degeneration {unknown}


   Skills:
 * Level 9.2 Fighting
 * Level 7.3 Axes
 + Level 5.6 Armour
 + Level 4.8 Dodging
 + Level 5.8 Shields


You had 9 spell levels left.
You didn't know any spells.
Your spell library contained the following spells:

 Spells                   Type           Power      Damage    Failure   Level
 Animate Skeleton         Necr           0%         N/A       63%         1
 Pain                     Necr           0%         1d4       63%         1
 Vampiric Draining        Necr           0%         2d6       94%         3


Dungeon Overview and Level Annotations

Branches:
Dungeon (9/15)             Temple (0/1) D:7            Lair (0/6) D:9
    Orc: D:9-12

Altars:
Ashenzari
Cheibriados
Elyvilon
Kikubaaqudgha
Makhleb
Okawaru
Trog
Uskayaw
Vehumet
Yredelemnul
Beogh

Shops:
D:2 ![[([   D:6 [*[

Annotations:
D:4 1 runed translucent door, tonyyikes's ghost, amateur DDNe
D:8 Harold


Innate Abilities, Weirdness & Mutations

You thrive by killing the living.
You are immune to poison.
You have sharp fingernails.
Your flesh is cold resistant. (rC+)
You are immune to negative energy. (rN+++)
You do not regenerate when monsters are visible.
You are immune to unholy pain and torment.


Message History

The kobold brigand hits you but does no damage.
Found a staircase to the Lair.
Found a lumpy ruby potion.
Found a stone staircase leading down.
Found 11 gold pieces.
A centaur comes into view.
The centaur shouts!
The centaur wields a +0 shortbow.
The centaur shoots an arrow.
The arrow hits you!
* * * LOW HITPOINT WARNING * * *
The centaur shoots an arrow.
The arrow hits you!
* * * LOW HITPOINT WARNING * * *
The centaur shoots an arrow.
The arrow hits you but does no damage.
The centaur shoots an arrow.
The arrow hits you.
* * * LOW HITPOINT WARNING * * *
The centaur unwields a +0 shortbow.
The centaur hits you but does no damage.
You block the centaur's attack. As you open the door, it creaks loudly!
You hear a shout! x2
The centaur hits you but does no damage.
The centaur barely misses you. The kobold barely misses you.
The centaur hits you but does no damage.
The centaur barely misses you.
You hear a shout!
Found a scroll labelled TATRYZXIY and 24 stones.
The centaur wields a +0 shortbow.
The centaur shoots an arrow.
The arrow hits you.
* * * LOW HITPOINT WARNING * * *
There is an open door here.
You closely miss the kobold. You barely miss the kobold.
You block the kobold's attack. The kobold closely misses you.
You block the kobold's attack.
You barely miss the kobold. You slash the kobold!
You kill the kobold!
You feel better.
You slash the two-headed ogre! You barely miss the kobold.
The centaur shoots an arrow.
The arrow closely misses you.
The centaur shoots an arrow.
The arrow barely misses you.
The two-headed ogre hits you with a +0 giant spiked club!!
You die...
Yredelemnul claims you as an undead slave.

...............#
...............#
...............#
.#######.....<.########.
#.......#.........
#............###..
#.........#...≈...
#..K.....#KK#...#
#.@K######K##PPP##.
#.)O#....#...PPP...
#..c#....#≈..P>P..≈
#...#....#...P.P..
#..K+....#.##..P##
#..K#....#..#...#..
#...'....K#...≈...#
#.?.#........###...
#...#.............


You could see a two-headed ogre, a kobold brigand, a centaur and 3 kobolds.

Vanquished Creatures
  Maurice (D:8)
  Maggie (D:8)
  A hornet (D:8)
  A wyvern (D:8)
  A water moccasin (D:6)
  An orc warrior (D:6)
  3 black bears
  2 ice beasts
  2 ogres (D:5)
  2 necrophages
  A centaur (D:6)
  A phantom (D:5)
  A kobold brigand (D:8)
  3 bullfrogs
  2 wyvern zombies (D:7)
  A gnoll sergeant (D:7)
  2 scorpions (D:5)
  4 killer bees
  A wight (D:5)
  A hound (D:5)
  A centaur zombie (D:7)
  3 jellies
  5 orc priests (D:4)
  4 bullfrog skeletons
  Jessica (D:2)
  5 iguanas
  3 orc wizards (D:4)
  2 hound skeletons
  A howler monkey zombie (D:7)
  2 gnolls
  5 adders
  A shadow imp (D:7)
  3 worms (D:2)
  3 dart slugs
  25 orcs
  5 bats
  7 endoplasms
  7 giant cockroaches
  6 hobgoblins
  4 jackals (D:4)
  3 quokkas
  5 ball pythons
  2 frilled lizards (D:2)
  9 goblins
  16 kobolds
  9 rats
169 creatures vanquished.

Vanquished Creatures (collateral kills)
  A yak (D:5)
  A centaur (D:9)
  A bullfrog skeleton (D:5)
  A hound (D:7)
  Robin (D:2)
  2 gnolls (D:2)
  A shadow imp (D:5)
  A worm (D:3)
  6 goblins
  2 hobgoblins (D:2)
  3 ball pythons
  A bat (D:2)
  A frilled lizard (D:1)
  2 kobolds
24 creatures vanquished.

Vanquished Creatures (others)
  A spectral ice beast (D:6)
  A centaur zombie (D:9)
  2 black bear zombies (D:5)
  An orc wizard (D:6)
  A scorpion zombie (D:5)
  3 killer bee zombies (D:9)
  A human zombie (D:8)
  A hound zombie (D:5)
  2 adder zombies
  An iguana zombie (D:5)
  A bat zombie (D:2)
  2 ball python zombies
  2 goblins (D:2)
  5 goblin zombies
  6 kobold zombies
  9 orc zombies
  A quokka zombie (D:4)
  A rat zombie (D:2)
  A spectral endoplasm (D:4)
  12 plants
54 creatures vanquished.

Grand Total: 247 creatures vanquished

Notes
Turn   | Place    | Note
-------+----------+-------------------------------------------
     0 | D:1      | HallandMoats the Ghoul Fighter began the quest for the Orb.
     0 | D:1      | Reached XP level 1. HP: 19/19 MP: 0/0
   340 | D:1      | Reached XP level 2. HP: 22/26 MP: 1/1
   476 | D:1      | Found a faded altar of an unknown god.
   514 | D:1      | Prayed at the altar of an unknown god.
   514 | D:1      | Became a worshipper of Yredelemnul the Dark
   514 | D:1      | Reached * piety under Yredelemnul
   609 | D:1      | Reached XP level 3. HP: 33/33 MP: 2/2
  1204 | D:2      | Identified the ring of Xynkam {rPois rN+ Str+4}
  1212 | D:2      | Found Bittatwo's Armour Boutique.
  1271 | D:2      | Found Cyduxitu's Antique Weapon Emporium.
  1310 | D:2      | Found Sileatuz's Antique Armour Emporium.
  1373 | D:2      | Reached skill level 4 in Fighting
  1373 | D:2      | Reached XP level 4. HP: 36/40 MP: 3/3
  1523 | D:2      | Reached ** piety under Yredelemnul
  1555 | D:2      | Found Lokokoze's Antique Armour Boutique.
  1564 | D:2      | Reached skill level 1 in Dodging
  1591 | D:2      | Noticed Robin
  1600 | D:2      | Killed Robin
  1601 | D:2      | Reached XP level 5. HP: 30/46 MP: 4/4
  1706 | D:2      | Found Vapeireg's Distillery.
  1714 | D:2      | Noticed Jessica
  1724 | D:2      | Killed Jessica
  2203 | D:3      | Noticed a necrophage
  2216 | D:3      | Killed a necrophage
  2217 | D:3      | Reached XP level 6. HP: 27/53 MP: 5/5
  2836 | D:4      | Found a broken altar of Ashenzari.
  2901 | D:4      | Found a runed translucent door.
  2902 | D:4      | Noticed tonyyikes's ghost (amateur DDNe)
  2922 | D:4      | Reached skill level 5 in Fighting
  3654 | D:4      | Reached XP level 7. HP: 53/61 MP: 6/6
  3922 | D:4      | Found an ancient bone altar of Kikubaaqudgha.
  4409 | D:5      | Entered Level 5 of the Dungeon
  4545 | D:5      | Found a burning altar of Makhleb.
  4641 | D:5      | Found a radiant altar of Vehumet.
  4753 | D:5      | Noticed a yak
  4754 | D:5      | Reached skill level 6 in Fighting
  4755 | D:5      | Reached XP level 8. HP: 64/70 MP: 7/7
  4786 | D:5      | HP: 3/71 [black bear (6)]
  4788 | D:5      | HP: 1/71 [black bear (2)]
  4802 | D:5      | Reached skill level 5 in Axes
  5334 | D:5      | Found a snail-covered altar of Cheibriados.
  5431 | D:5      | Reached skill level 7 in Fighting
  5432 | D:5      | Found a hide-covered altar of Uskayaw.
  5438 | D:5      | Killed a yak
  5946 | D:6      | Found Hiecsi Jiv's Armour Emporium.
  6028 | D:6      | Found Gyjid's Assorted Antiques.
  6059 | D:6      | Found a bloodstained altar of Trog.
  6072 | D:6      | Reached XP level 9. HP: 75/79 MP: 8/8
  6184 | D:6      | Found Hegret's Armour Shoppe.
  6192 | D:6      | Bought a +0 pair of boots of flying for 172 gold pieces
  6528 | D:6      | Reached skill level 5 in Shields
  6721 | D:6      | Found an iron altar of Okawaru.
  7561 | D:7      | Reached skill level 8 in Fighting
  7561 | D:7      | Reached skill level 5 in Armour
  7602 | D:7      | Found a staircase to the Ecumenical Temple.
  8359 | D:8      | Noticed Maurice
  8391 | D:8      | Killed Maurice
  8813 | D:8      | Noticed a hornet
  8816 | D:8      | Noticed Maggie
  8822 | D:8      | Killed a hornet
  8823 | D:8      | Reached XP level 10. HP: 58/90 MP: 9/9
  8831 | D:8      | Killed Maggie
  8832 | D:8      | Reached skill level 9 in Fighting
  8984 | D:8      | Noticed Harold
  9009 | D:8      | Your ally Maggie died
 10094 | D:9      | Noticed a two-headed ogre
 10277 | D:9      | Found a staircase to the Lair.
 10299 | D:9      | Slain by a two-headed ogre

Illustrated notes

Levels and vault maps discovered:
D:1:      enne_arrival_octagon_isle, layout_basic,
          hellmonk_ecumenical_altar_defaced_shrine, nrook_mini_backslash,
          bh_walls_and_bars
D:2:      minmay_chambers_of_ones, layout_loops_ring, serial_shops,
          nicolae_shop_trees, nicolae_shop_stone, nicolae_shop_trees,
          nicolae_shop_overgrown_old_shop, shop, minmay_surrounded,
          uniq_jessica, uniq_robin
D:3:      layout_basic, chequers_arboretum
D:4:      kennysheep_six_static_rooms, layout_rooms, lemuel_round_altar,
          lemuel_doored_altar, ebering_ghost_sewer_d, serial_bayou_crossing
D:5:      layout_loops_ring, nicolae_uskayaw_dance_hall,
          makhleb_blood_cavern_becter, cheibriados_altar_1, vehumet_crystals,
          minmay_chambers_of_fives
D:6:      minmay_skewed_foursquare, layout_loops_ring,
          mainiacjoe_overflow_brackets, mainiacjoe_overflow_boulevard,
          serial_shops, nicolae_lakefront_shop, nicolae_take_the_stairs,
          nicolae_lakefront_shop, lightli_orcish_oven
D:7:      layout_cave_pools, temple_statues, minmay_manual_mandibuliform
D:8:      layout_basic, mainiacjoe_overflow_concentric_impassable,
          nicolae_qazlal_scattered_showers, uniq_maurice, uniq_maggie,
          uniq_harold, uniq_joseph
D:9:      layout_irregular_city, nicolae_overflow_crystal_walls,
          dpeg_oklobed_lair

Skill      XL: |  1  2  3  4  5  6  7  8  9 10 |
---------------+-------------------------------+-----
Axes           | 2 3 4 5 7 |  7.3
Shields        | 3 4 5 |  5.8
Armour         | 3 4 5 |  5.6
Fighting       | 4 5 6 7 8 9 |  9.2
Dodging        | 1 2 3 4 |  4.8

Action                   |  1- 3 |  4- 6 |  7- 9 | 10-12 || total
-------------------------+-------+-------+-------+-------++-------
Melee: War axe           |    78 |    34 |   285 |    39 ||   436
       Spear             |       |    93 |       |       ||    93
       Dagger            |       |    66 |       |       ||    66
  Use: Potion            |       |       |     2 |     6 ||     8
       Scroll            |       |       |       |     6 ||     6
 Stab: Distracted        |     1 |     1 |     2 |       ||     4
       Invisible         |       |       |       |     1 ||     1
Armor: Scale mail        |    29 |   101 |   140 |     2 ||   272
       Acid dragon scale |       |       |       |    21 ||    21
Dodge: Dodged            |    35 |   100 |   161 |    33 ||   329
Block: Buckler           |    16 |    39 |    67 |    15 ||   137

Table legend: (Time is in decaauts)
 A = Elapsed time spent in this place.
 B = Non-inter-level travel time spent in this place.
 C = Inter-level travel time spent in this place.
 D = Time resting spent in this place.
 E = Time spent auto-exploring this place.
 F = Levels seen in this place.
 G = Mean time per level.
                   A        B        C        D        E       F      G
               +--------+--------+--------+--------+--------+-----+--------+
         Total |  10429 |  10133 |    296 |   1728 |   6251 |   9 | 1158.8 |
       Dungeon |  10429 |  10133 |    296 |   1728 |   6251 |   9 | 1158.8 |
               +--------+--------+--------+--------+--------+-----+--------+

Top non-repeatable levels by time:
     D:8: 1761 daAuts
     D:5: 1424 daAuts
     D:6: 1399 daAuts
     D:4: 1307 daAuts
     D:3: 1297 daAuts
     D:1: 1124 daAuts
     D:2: 1003 daAuts
     D:7: 983 daAuts
     D:9: 128 daAuts
